 Dungeon Crawl Stone Soup version 0.20.1-1-g8b1a95d (webtiles) character file.

242 manon the Conjurer (level 6, -3/32 HPs)
             Began as a Gargoyle Wizard on Aug 10, 2017.
             Shot with an arrow by a centaur (12 damage)
             ... on level 5 of the Dungeon.
             The game lasted 00:28:40 (4060 turns).

manon the Conjurer (Gargoyle Wizard)                Turns: 4060, Time: 00:28:41

Health: -3/32      AC:  7    Str: 10    XL:     6   Next: 9%
Magic:  0/10       EV: 11    Int: 21    God:
Gold:   19         SH:  3    Dex:  8    Spells: 4/11 levels left

rFire    . . .     SeeInvis .   b - +0 hunting sling
rCold    . . .     Gourm    .   (no shield)
rNeg     + . .     Faith    .   m - +0 leather armour
rPois    ∞         Spirit   .   f - +0 hat
rElec    +         Reflect  +   (no cloak)
rCorr    .         Harm     .   (no gloves)
MR       .....                  (no boots)
Stlth    +.........             w - +3 amulet of reflection
Regen    0.1/turn               C - ring of wizardry (curse)
MPRegen  0.2/turn               (no ring)

@: no status effects
A: negative energy resistance 1, electricity resistance, unbreathing,
petrification resistance, rot immunity, AC +4
a: no special abilities


You were on level 5 of the Dungeon.
You were hungry.

You visited 1 branch of the dungeon, and saw 5 of its levels.

You collected 147 gold pieces.
You spent 128 gold pieces at shops.

Inventory:

Hand Weapons
 a - a +0 mace
 b - a +0 hunting sling (weapon)
 j - a +0 club
Missiles
 k - 153 stones (quivered)
Armour
 f - a +0 hat (worn)
 m - a +0 leather armour (worn)
 p - a +0 robe
Jewellery
 w - a +3 amulet of reflection (around neck)
 C - a cursed ring of wizardry (left hand)
Wands
 t - a wand of paralysis (9/24)
 E - a wand of iceblast (10/15)
 F - a wand of acid (11/15)
Scrolls
 e - 3 scrolls of remove curse
 h - a scroll of identify
 l - a scroll of magic mapping
 q - a scroll of fog
 u - 2 scrolls of amnesia
 x - a scroll of immolation
 y - a scroll of recharging
 A - a scroll of blinking {unknown}
 B - a scroll of noise {unknown}
 I - a scroll of random uselessness {unknown}
 J - a scroll of enchant armour {unknown}
Potions
 i - 2 potions of degeneration
 n - 2 potions of haste
 o - 2 potions of curing
 r - a potion of lignification {unknown}
 s - a potion of mutation {unknown}
 z - a potion of ambrosia {unknown}
 D - 3 potions of might
 H - a potion of berserk rage {unknown}
Books
 c - a book of Minor Magic

   Spells                             Type                      Level
   a - Magic Dart                     Conjuration                  1
   b - Blink                          Translocation                2
   c - Call Imp                       Summoning                    2
   d - Slow                           Hexes                        2
   e - Conjure Flame                  Conjuration/Fire             3
   f - Mephitic Cloud                 Conjuration/Poison/Air       3
Comestibles
 d - 3 bread rations
 g - 2 meat rations
 v - 3 fruits
 G - a chunk of flesh


   Skills:
 + Level 0.6 Maces & Flails
 - Level 1.5 Dodging
 - Level 2.1 Stealth
 + Level 3.1 Spellcasting
 + Level 6.0 Conjurations
   Level 0.8 Summonings
   Level 0.8 Translocations
 + Level 1.1 Fire Magic


You had 4 spell levels left.
You knew the following spells:

 Your Spells              Type           Power        Failure   Level  Hunger
a - Magic Dart            Conj           ####         1%          1    None
c - Mephitic Cloud        Conj/Pois/Air  ##......     10%         3    ###....
f - Conjure Flame         Conj/Fire      ###.....     4%          3    ###....


Dungeon Overview and Level Annotations

Branches:
Dungeon (5/15)
 Temple: D:4-7

Altars:

Shops:
D:5 *

Annotations:
D:3 Grinder, Sigmund
D:4 Edmund
D:5 Dowan, Duvessa


Innate Abilities, Weirdness & Mutations

You are resistant to torment.
Your stone body is resilient. (AC +4)
You are immune to poison.
You resist negative energy. (rN+)
You are resistant to electric shocks. (rElec)
You can survive without breathing.
You are immune to petrification.
You are immune to rotting.


Message History

Press: ? - help, Shift-Dir - straight line The ball explodes into a vile cloud!
The stinking cloud engulfs the centaur.
The centaur is lightly wounded.
The centaur shoots an arrow.
You reflect the arrow off an invisible shield around you!
The arrow hits the centaur.
The centaur shoots an arrow.
The arrow closely misses you.
The worker ant is engulfed in noxious fumes.
The worker ant appears confused.
The centaur shoots an arrow.
You reflect the arrow off an invisible shield around you!
The arrow completely misses the centaur.
The centaur shoots an arrow.
The arrow hits you but does no damage.
Your magical contamination has completely faded away.
You see here an arrow.
The worker ant is engulfed in noxious fumes.
The worker ant appears confused.
The centaur shoots an arrow.
You reflect the arrow off an invisible shield around you!
The arrow hits the centaur!
The centaur shoots an arrow.
The arrow hits you!
You die...

...#######..###.####
...## ###'####....#
....# #.....#....##
....# #.....'....#
...## ###...##..####
######.###...##<....#
...............##
...............#
#######..##.@.####
#..##..(#..#
+....#.(....#
#....#.((...#
##+##..##.##(.####
####..##..##.##c.#..#
.......#...cW.#.....#
.......#...§..#.....#
.....(....(a§.#c....#


You could see a phantom and 2 centaurs.

Vanquished Creatures
  A centaur zombie (D:5)
  A bullfrog skeleton (D:4)
  A worker ant (D:4)
  A hound skeleton (D:4)
  6 adders
  2 oozes
  An adder skeleton (D:5)
  2 worms
  3 dart slugs (D:1)
  A leopard gecko (D:2)
  5 orcs
  4 giant cockroaches
  6 goblins
  5 hobgoblins
  3 jackals (D:4)
  3 quokkas
  2 ball pythons (D:2)
  6 bats
  3 frilled lizards
  6 kobolds
  4 rats
66 creatures vanquished.

Notes
Turn   | Place    | Note
-------+----------+-------------------------------------------
     0 | D:1      | manon the Gargoyle Wizard began the quest for the Orb.
     0 | D:1      | Reached XP level 1. HP: 10/10 MP: 4/4
   157 | D:1      | Reached skill level 2 in Conjurations
   274 | D:1      | Reached XP level 2. HP: 15/15 MP: 6/6
   719 | D:1      | Reached skill level 3 in Conjurations
   761 | D:1      | Reached XP level 3. HP: 19/19 MP: 7/7
  1382 | D:2      | Reached skill level 4 in Conjurations
  1450 | D:2      | Reached XP level 4. HP: 23/24 MP: 1/8
  1830 | D:3      | Noticed Grinder
  1832 | D:3      | Found a faded altar of an unknown god.
  1886 | D:3      | Learned a level 3 spell: Conjure Flame
  1890 | D:3      | Learned a level 3 spell: Mephitic Cloud
  1907 | D:3      | Noticed Sigmund
  2184 | D:4      | Noticed Edmund
  2792 | D:4      | Reached skill level 5 in Conjurations
  2792 | D:4      | Reached XP level 5. HP: 15/28 MP: 4/9
  3674 | D:5      | Entered Level 5 of the Dungeon
  3680 | D:5      | Found Mot Far's Assorted Antiques.
  3693 | D:5      | Bought a scroll of identify for 32 gold pieces
  3693 | D:5      | Bought a scroll of identify for 32 gold pieces
  3693 | D:5      | Bought a scroll of identify for 32 gold pieces
  3693 | D:5      | Bought a scroll of identify for 32 gold pieces
  3729 | D:5      | Reached skill level 1 in Fire Magic
  3729 | D:5      | Reached XP level 6. HP: 32/32 MP: 5/10
  3855 | D:5      | Reached skill level 6 in Conjurations
  4009 | D:5      | Noticed Duvessa
  4009 | D:5      | Noticed Dowan
  4042 | D:5      | Noticed a phantom
  4060 | D:5      | Shot with an arrow by a centaur

Skill      XL: |  1  2  3  4  5  6 |
---------------+-------------------+-----
Conjurations   | 2 3 4 5 6 |  6.0
Fire Magic     | 1 |  1.1
Maces & Flails | |  0.6
Dodging        | |  1.5
Stealth        | |  2.1
Spellcasting   | |  3.1
Summonings     | |  0.8
Translocations | |  0.8

Action                   |  1- 3 |  4- 6 || total
-------------------------+-------+-------++-------
Melee: Mace              |     4 |    52 ||    56
 Fire: Hunting sling     |    65 |    53 ||   118
Throw: Stone             |       |     2 ||     2
 Cast: Magic Dart        |    30 |    64 ||    94
       Conjure Flame     |       |     5 ||     5
       Mephitic Cloud    |       |     4 ||     4
Evoke: Wand              |     1 |       ||     1
  Use: Scroll            |     2 |    10 ||    12
 Stab: Sleeping          |       |     1 ||     1
  Eat: Chunk             |     1 |     8 ||     9
       Fruit             |       |     1 ||     1
Armor: Leather armour    |    12 |    65 ||    77
Dodge: Dodged            |    25 |    90 ||   115
Block: Other             |     1 |    20 ||    21
       Reflection        |       |     4 ||     4
